 Dungeon Crawl Stone Soup version 0.17-a0-1882-g750edc8 (webtiles) character file.

169145 iTypedThis the Fencer (level 18, -6/143 HPs)
             Began as a Formicid Fighter on Sept 21, 2015.
             Was the Champion of the Shining One.
             Shot with an arrow by a deep elf master archer (27 damage)
             ... on level 3 of the Elven Halls on Sept 23, 2015.
             The game lasted 04:06:24 (32566 turns).

iTypedThis the Fencer (Formicid Fighter)           Turns: 32566, Time: 04:06:24

Health: -6/143     AC: 38    Str: 24    XL:     18   Next: 59%
Magic:  24/25      EV:  9    Int:  8    God:    the Shining One [******]
Gold:   1161       SH: 23    Dex: 18    Spells: 2 memorised, 10 levels left

rFire  + . .     SeeInvis +     j - +6 great sword
rCold  + . .     Clarity  .     b - +9 armour of the Dragon King {rPois rF+ rC+ MR+}
rNeg   + + +     SustAt   .     c - +0 shield
rPois  +         Gourm    .     (helmet unavailable)
rElec  .         Spirit   .     v - +2 cloak {MR+}
rCorr  .         Warding  +     A - +0 pair of gloves
rMut   .         Stasis   +     w - +2 pair of boots
MR     ++++.                    m - amulet of warding
Stlth  ..........               W - ring of protection from magic
                                S - +3 ring of dexterity

@: divine shield, glowing, incredibly resistant to hostile enchantments,
extremely unstealthy
A: permanent stasis, dig shafts and tunnels, four strong arms, antennae 3
a: Dig, Shaft Self, Divine Shield, Cleansing Flame, Summon Divine Warrior, Brand
Weapon With Holy Wrath, Renounce Religion


You were on level 3 of the Elven Halls.
You worshipped the Shining One.
The Shining One was exalted by your worship.
You were very hungry.

You visited 6 branches of the dungeon, and saw 28 of its levels.
You also visited: Wizlab.

You collected 3116 gold pieces.
You spent 1900 gold pieces at shops.
You donated 55 gold pieces to Zin.

Inventory:

Hand weapons
 j - a +6 great sword (weapon)
 K - a +1 long sword of holy wrath
 M - a +0 hand crossbow
 N - a +0 long sword of flaming
Missiles
 J - 15 steel bolts
Armour
 b - the +9 armour of the Dragon King (worn) {rPois rF+ rC+ MR+}
   (You bought it in a shop on level 10 of the Dungeon)

   It protects you from fire.
   It protects you from cold.
   It protects you from poison.
   It affects your resistance to hostile enchantments.
 c - a +0 shield (worn)
 v - a +2 cloak of magic resistance (worn)
 w - a +2 pair of boots (worn)
 A - a +0 pair of gloves (worn)
Jewellery
 f - a +2 ring of strength
 m - an amulet of warding (around neck)
 B - an uncursed amulet of guardian spirit
 I - an uncursed ring of sustain attributes
 S - a +3 ring of dexterity (left hand)
 W - a ring of protection from magic (right hand)
Magical devices
 t - a wand of disintegration (20)
 x - a wand of disintegration (12)
 y - a wand of magic darts (32)
 L - a wand of cold (6)
 U - a wand of polymorph (11)
Scrolls
 g - 17 scrolls of identify
 k - 4 scrolls of fear
 l - 8 scrolls of remove curse
 q - 5 scrolls of amnesia
 E - 4 scrolls of fog
 T - 3 scrolls of recharging
 V - 4 scrolls of magic mapping
Potions
 d - a potion of might
 p - 3 potions of heal wounds
 r - 5 potions of curing
 s - a potion of flight
 u - a potion of brilliance
 z - 2 potions of magic
 G - 3 potions of cure mutation
 O - 2 potions of agility
Books
 Y - a book of Minor Magic

   Spells                             Type                      Level
   a - Magic Dart                     Conjuration                  1
   b - Blink                          Translocation                2
   c - Call Imp                       Summoning                    2
   d - Repel Missiles                 Charms/Air                   2
   e - Slow                           Hexes                        2
   f - Conjure Flame                  Conjuration/Fire             3
   g - Mephitic Cloud                 Conjuration/Poison/Air       3
Miscellaneous
 n - a sack of spiders
 o - a box of beasts
 D - a lamp of fire
Comestibles
 e - 15 bread rations
 h - 9 meat rations
 i - 8 slices of pizza
 C - 28 fruits
 F - 5 beef jerkies
 R - 2 royal jellies


   Skills:
 - Level 13.3 Fighting
 * Level 17.9 Long Blades
 - Level 10.0 Crossbows
 - Level 15.1 Armour
 - Level 7.0 Dodging
 - Level 10.0 Shields
 - Level 5.1 Unarmed Combat
 - Level 4.1 Hexes
 - Level 10.0 Invocations
 - Level 6.0 Evocations


You had 10 spell levels left.
You knew the following spells:

 Your Spells              Type           Power        Failure   Level  Hunger
a - Metabolic Englaciati  Hex/Ice        #.........   100%        5    ######.
b - Slow                  Hex            #.......     100%        2    ###....


Dungeon Overview and Level Annotations

Branches:
Dungeon (15/15)            Temple (1/1) D:6            Lair (4/8) D:9
    Orc (4/4) D:10            Elf (3/3) Orc:4        Vaults (0/5) D:13
 Depths (1/5) D:15
  Swamp: Lair:3-6    Shoals: Lair:3-6     Snake: Lair:3-6    Spider: Lair:3-6

Altars:
Ashenzari
Cheibriados
Dithmenos
Elyvilon
Fedhas
Gozag
Kikubaaqudgha
Makhleb
Nemelex Xobeh
Okawaru
Qazlal
Ru
Sif Muna
Trog
Vehumet
Xom
Yredelemnul
Zin
The Shining One
Beogh

Shops:
D:10 ([!   D:12 (   Orc:4 :*[(   Depths:1 }!

Portals:
Hell: Depths:1

Annotations:
D:8 Erica
Lair:4 1 exclusion
Elf:1 Asterion


Innate Abilities, Weirdness & Mutations

You are under a permanent stasis effect.
You can dig through walls and to a lower floor.
Your four strong arms can wield two-handed weapons with a shield.
You have a pair of large antennae on your head (SInv).


Message History

Unknown command.
Your armour of the Dragon King prevents you from hitting the deep elf master archer.
The deep elf master archer is lightly wounded.
The deep elf master archer shoots an arrow.
The arrow hits you but does no damage.
You hit the deep elf master archer.
The deep elf master archer is lightly wounded.
The deep elf master archer shoots an arrow.
You block the arrow.
You closely miss the deep elf master archer.
The deep elf master archer is lightly wounded.
The deep elf master archer shoots an arrow.
You block the arrow.
The deep elf master archer shoots an arrow.
You block the arrow.
You slash the deep elf master archer!
The deep elf master archer is moderately wounded.
The deep elf master archer shoots an arrow.
The arrow hits you!!
You die...

**{,,##...............**,,,
***,,##.............#*,,**
**,{#.....(.......#,,**
***###....e....##**** ##.......##
*** #### ####)####*** *,* #..#
###....#.#<****** *.###..#
##e#)....#**,,,,,, *.##...#
#@#..e###.#,*****, #.##...##
####..# **.#* *, ## #.##....###
###..(# **#*****,
.###.#...##..###..##'## *,,,,,
..##...#.####...###...## *,*,,,
...###)#..########.....## *,,,,,
....##.#...### ##.......## *,,,,,
.......#.....###.........#**,,,,,
...#########...'.).......',,,,,,,


You could see a deep elf master archer.

Vanquished Creatures
  An ancient lich (WizLab)
  Rupert (Lair:3)
  A deep elf blademaster (Elf:2)
  A deep elf master archer (Elf:3)
  Frances (D:13)
  Kirke (D:12)
  3 orc warlords
  2 frost giants
  2 deep elf sorcerers
  2 stone giants (Depths:1)
  A vampire knight (Depths:1)
  Nessos (D:13)
  4 deep elf demonologists
  3 deep elf annihilators (Elf:3)
  Snorg (D:14)
  2 deep elf death magi
  2 deep elf high priests (Elf:3)
  3 mummy priests (WizLab)
  Fannar (Lair:1)
  3 hydras
  A hell beast (Depths:1)
  The ghost of VisualChap the Grappler, an experienced TrMo of Makhleb (D:12)
  Erolcha (D:12)
  3 ogre magi
  A tengu warrior (Depths:1)
  15 dancing weapons (Elf:2)
  A vampire mage (Depths:1)
  8 centaur warriors
  Urug (D:11)
  A small abomination (Elf:2)
  4 death yaks (Lair:4)
  Sonja (D:13)
  A storm dragon zombie (WizLab)
  14 deep elf knights
  2 orc high priests (Orc:4)
  A shadow wraith (D:13)
  4 skeletal warriors (D:15)
  2 deep trolls (Depths:1)
  An unseen horror (shapeshifter) (D:13)
  The ghost of Quilty the Destroyer, an experienced DrCj of Vehumet (D:9)
  4 deep elf summoners
  2 unseen horrors
  A tengu zombie (WizLab)
  A giant orange brain (Depths:1)
  A sphinx zombie (WizLab)
  2 phantasmal warriors (Depths:1)
  An oklob plant (D:13)
  2 orc knights
  A wolf spider zombie (D:14)
  14 deep elf conjurers
  4 hill giants
  A griffon (D:15)
  2 wizards
  18 ugly things
  6 cyclopes
  2 fire giant zombies (WizLab)
  A faun (shapeshifter) (D:14)
  A frost giant zombie (WizLab)
  4 orc sorcerers
  6 elephants
  A fire giant skeleton (Depths:1)
  3 black mambas
  A rust devil (Depths:1)
  A centaur zombie (D:13)
  A black mamba (shapeshifter) (Depths:1)
  A demonspawn zombie (WizLab)
  A titan simulacrum (Depths:1)
  10 spiny frogs
  3 centaur skeletons
  2 human zombies (WizLab)
  A gargoyle (D:15)
  5 komodo dragons
  A yaktaur (shapeshifter) (D:13)
  A tengu conjurer (Depths:1)
  7 deep elf priests
  9 yaktaurs
  3 guardian mummies (WizLab)
  9 trolls
  An entropy weaver zombie (WizLab)
  2 two-headed ogres
  A raiju (shapeshifter) (D:13)
  Prince Ribbit (D:5)
  5 slime creatures
  An ettin zombie (WizLab)
  5 blink frogs
  A deep troll zombie (WizLab)
  A hog (shapeshifter) (D:14)
  3 wraiths
  3 shadows
  5 hogs
  A basilisk (Lair:1)
  17 deep elf magi
  3 humans
  38 yaks
  27 deep elf fighters
  4 hippogriffs
  5 wolves (Lair:4)
  6 vampire mosquitoes (D:15)
  6 soldier ants
  2 mottled dragons (D:15)
  A steam dragon (D:11)
  21 wargs
  The ghost of frobop the Gusty, an average HaAE (D:4)
  An eye of draining (D:15)
  4 ice beasts
  8 porcupines
  6 black bears
  9 water moccasins
  19 ogres
  55 orc warriors
  A sky beast (D:14)
  A hell hound (Depths:1)
  3 phantoms
  2 boggarts (Depths:1)
  26 centaurs
  A brain worm (D:14)
  21 giant frogs
  A big kobold (D:6)
  8 crocodiles
  4 scorpions
  12 killer bees
  5 wights (D:11)
  A water moccasin skeleton (D:5)
  A quasit (D:10)
  7 crimson imps
  5 hounds
  3 jellies
  31 orc wizards
  4 giant frog skeletons
  A gnoll shaman (D:5)
  6 iguanas
  31 orc priests
  17 worker ants
  10 sheep
  2 hound skeletons (D:4)
  2 worker ant zombies
  6 gnolls
  11 adders
  44 river rats
  2 shadow imps
  An ooze (D:6)
  3 worms
  2 adder skeletons
  6 giant geckos
  234 orcs
  5 bats
  9 giant cockroaches
  9 goblins
  8 hobgoblins
  15 jackals
  A ball python (D:3)
  A giant gecko zombie (D:5)
  3 giant newts
  30 kobolds
  A quokka skeleton (D:8)
  2 quokka zombies
  7 rats
  A plant (D:13)
1104 creatures vanquished.

Vanquished Creatures (collateral kills)
  An ice dragon (Depths:1)
  A boggart (Depths:1)
2 creatures vanquished.

Vanquished Creatures (others)
  A centaur skeleton (D:6)
  4 fungi
  8 plants
13 creatures vanquished.

Grand Total: 1119 creatures vanquished

Notes
Turn   | Place    | Note
--------------------------------------------------------------
     0 | D:1      | iTypedThis the Formicid Fighter began the quest for the Orb.
     0 | D:1      | Reached XP level 1. HP: 18/18 MP: 1/1
   322 | D:1      | Reached skill level 1 in Dodging
   374 | D:1      | Reached XP level 2. HP: 20/24 MP: 2/2
   897 | D:2      | Reached XP level 3. HP: 27/29 MP: 3/3
  1241 | D:3      | Reached XP level 4. HP: 28/35 MP: 4/4
  1250 | D:3      | Found a shattered altar of Ashenzari.
  1258 | D:3      | Found a glowing silver altar of Zin.
  1612 | D:3      | Reached XP level 5. HP: 36/41 MP: 5/5
  1876 | D:3      | Reached skill level 4 in Shields
  2427 | D:4      | Reached XP level 6. HP: 35/47 MP: 6/6
  2671 | D:4      | Noticed a phantom
  2706 | D:4      | Killed a phantom
  3100 | D:4      | Reached XP level 7. HP: 39/52 MP: 7/7
  3173 | D:4      | Reached skill level 5 in Armour
  3314 | D:4      | Found a sacrificial altar of Ru.
  3381 | D:5      | Entered Level 5 of the Dungeon
  3618 | D:5      | Reached skill level 5 in Long Blades
  3653 | D:5      | Noticed Prince Ribbit
  3711 | D:5      | Found a shimmering altar of Xom.
  3711 | D:5      | Found a shimmering altar of Xom.
  3711 | D:5      | Found a shimmering altar of Xom.
  3839 | D:5      | Reached skill level 6 in Armour
  3938 | D:5      | Found a shimmering altar of Xom.
  3938 | D:5      | Found a shimmering altar of Xom.
  4000 | D:5      | Reached XP level 8. HP: 46/58 MP: 8/8
  5240 | D:6      | Reached skill level 5 in Fighting
  5327 | D:6      | Reached skill level 5 in Shields
  5529 | D:5      | Reached XP level 9. HP: 19/68 MP: 9/9
  5743 | D:5      | Reached skill level 7 in Armour
  5791 | D:5      | Killed Prince Ribbit
  5921 | D:6      | Found a staircase to the Ecumenical Temple.
  5927 | Temple   | Entered the Ecumenical Temple
  6673 | D:3      | Became a worshipper of Zin the Law-Giver
  6673 | D:3      | Acquired Zin's first power
  6733 | D:4      | Noticed frobop's ghost (average HaAE)
  6743 | D:4      | Killed frobop's ghost
  6800 | D:7      | Found Reoph's Magic Scroll Shop.
  6887 | D:7      | Acquired Zin's second power
  7079 | D:7      | Reached skill level 5 in Dodging
  7081 | D:7      | Reached XP level 10. HP: 74/79 MP: 10/10
  7285 | D:7      | Acquired Zin's third power
  7648 | D:6      | You fall through a shaft for 2 floors!
  7658 | D:8      | Reached skill level 8 in Shields
  8053 | D:8      | Noticed Erica
  8231 | D:8      | Found an iron altar of Okawaru.
  8272 | D:8      | Found a burning altar of Makhleb.
  8272 | D:8      | Found a glowing golden altar of the Shining One.
  8282 | D:8      | Fell from the grace of Zin
  8282 | D:8      | Became a worshipper of the Shining One
  8282 | D:8      | Acquired the Shining One's first power
  8282 | D:8      | Acquired the Shining One's second power
  8809 | D:9      | Noticed a cyclops
  9016 | D:9      | Noticed Quilty's ghost (experienced DrCj)
  9041 | D:9      | Found a deep blue altar of Sif Muna.
  9077 | D:9      | Found a staircase to the Lair.
  9128 | Lair:1   | Entered Level 1 of the Lair of Beasts
  9148 | Lair:1   | Noticed a spiny frog
  9157 | Lair:1   | Killed a spiny frog
  9164 | Lair:1   | Reached XP level 11. HP: 67/87 MP: 8/11
  9165 | Lair:1   | Noticed a spiny frog
  9165 | Lair:1   | Reached skill level 9 in Fighting
  9166 | Lair:1   | Noticed Fannar
  9806 | D:9      | Killed a cyclops
 10133 | Lair:1   | Killed Fannar
 10133 | Lair:1   | Reached skill level 10 in Long Blades
 10357 | Lair:1   | Killed a spiny frog
 10390 | Lair:1   | Found an iron altar of Okawaru.
 10469 | Lair:1   | Noticed a four-headed hydra
 10505 | D:10     | Entered Level 10 of the Dungeon
 10553 | D:10     | Found Yzeagosm's Weapon Emporium.
 10555 | D:10     | Found a staircase to the Orcish Mines.
 10557 | D:10     | Found Seacysui's Armour Emporium.
 10557 | D:10     | Noticed a hill giant
 10610 | D:10     | Killed a hill giant
 10651 | Orc:1    | Entered Level 1 of the Orcish Mines
 10659 | Orc:1    | Reached skill level 1 in Invocations
 10787 | Orc:1    | Found a bloodstained altar of Trog.
 10942 | Orc:1    | Found a roughly hewn altar of Beogh.
 11002 | Orc:1    | Noticed an orc knight
 11331 | D:10     | Killed an orc knight
 11359 | Orc:1    | Reached skill level 10 in Fighting
 11868 | Orc:2    | Reached XP level 12. HP: 35/97 MP: 6/15
 12132 | Orc:2    | Found a roughly hewn altar of Beogh.
 12144 | Orc:2    | Reached skill level 5 in Invocations
 12347 | Orc:2    | Reached skill level 1 in Evocations
 12410 | Orc:2    | Found a roughly hewn altar of Beogh.
 12708 | Orc:3    | Found a roughly hewn altar of Beogh.
 12900 | Orc:3    | Noticed an orc warlord
 13744 | Orc:3    | Reached skill level 5 in Evocations
 13782 | Orc:3    | HP: 1/97 [orc warrior/dire flail[an orc warlord] (20)]
 14130 | Orc:4    | Entered Level 4 of the Orcish Mines
 14263 | Orc:4    | Reached skill level 1 in Unarmed Combat
 14396 | Orc:4    | Found a staircase to the Elven Halls.
 14541 | Orc:4    | Found a roughly hewn altar of Beogh.
 14595 | Orc:4    | Found a roughly hewn altar of Beogh.
 14602 | Orc:4    | Noticed an orc high priest
 14608 | Orc:4    | Killed an orc high priest
 14632 | Orc:4    | Found Hesch's General Store.
 14753 | D:10     | Bought the +9 armour of the Dragon King {rPois rF+ rC+ MR+} for 1747 gold pieces
 14936 | Orc:2    | You fall through a shaft!
 15417 | Orc:4    | Found a roughly hewn altar of Beogh.
 15537 | Orc:4    | Found a roughly hewn altar of Beogh.
 15548 | Orc:4    | Reached skill level 5 in Unarmed Combat
 15555 | Orc:4    | Found Wutiuq's Book Boutique.
 15689 | Orc:2    | Killed an orc warlord
 15765 | Orc:4    | Noticed an orc warlord
 15802 | Orc:4    | Killed an orc warlord
 15802 | Orc:4    | Reached skill level 10 in Armour
 15802 | Orc:4    | Reached XP level 13. HP: 73/103 MP: 11/17
 15844 | Orc:4    | Noticed an orc high priest
 15885 | Orc:4    | Killed an orc high priest
 15885 | Orc:4    | Acquired the Shining One's third power
 16027 | Orc:4    | Reached skill level 10 in Shields
 16041 | Orc:4    | Found Plog's Antique Weapon Boutique.
 16041 | Orc:4    | Found a roughly hewn altar of Beogh.
 16044 | Orc:4    | Found Gumusm's Antique Armour Shop.
 16055 | Orc:4    | Bought a runed cloak for 153 gold pieces
 16183 | Orc:4    | Found a roughly hewn altar of Beogh.
 16244 | Elf:1    | Entered Level 1 of the Elven Halls
 16295 | Elf:1    | Reached skill level 11 in Long Blades
 16600 | Elf:1    | Reached skill level 12 in Long Blades
 16664 | Elf:1    | You fall through a shaft!
 16684 | Elf:2    | You fall through a shaft!
 16684 | Elf:3    | Entered Level 3 of the Elven Halls
 16698 | Elf:3    | HP: 5/103 [poisoned by a double sword of venom]
 16703 | Elf:3    | HP: 5/103 [poisoned by a double sword of venom]
 16710 | Elf:3    | HP: 4/103 [poisoned by a double sword of venom]
 16718 | Elf:3    | HP: 5/103 [poisoned by a double sword of venom]
 17402 | Lair:1   | Killed a four-headed hydra
 17407 | Lair:1   | Noticed a spiny frog
 17412 | Lair:1   | Killed a spiny frog
 17519 | Lair:1   | Noticed a black mamba
 17524 | Lair:1   | Killed a black mamba
 17663 | Lair:1   | Found a white marble altar of Elyvilon.
 17931 | Lair:1   | Got a fine scythe
 17932 | Lair:1   | Identified the +6 scythe "Q" {slice, rElec} (You found it on level 1 of the Lair of Beasts)
 19083 | Lair:3   | Reached XP level 14. HP: 95/110 MP: 21/21
 19118 | Lair:3   | Reached skill level 10 in Invocations
 19371 | Lair:2   | Upgraded the game from 0.17-a0-1881-g2f5db94 to 0.17-a0-1882-g750edc8
 19755 | Lair:3   | Reached skill level 1 in Crossbows
 19864 | Lair:3   | Noticed Rupert
 19887 | Lair:3   | Killed Rupert
 20193 | Lair:3   | Reached skill level 5 in Crossbows
 20806 | Lair:4   | Identified a scroll of acquirement
 21165 | D:9      | Killed Quilty's ghost
 21295 | D:10     | Noticed an ogre mage
 21296 | D:10     | Noticed an ogre mage
 21318 | D:10     | Killed an ogre mage
 21327 | D:10     | Killed an ogre mage
 21497 | D:10     | Found Fikifyj's Distillery.
 21527 | D:10     | Identified Zahiuj's Disquisition on Blistering Conjuration
 22343 | D:11     | Learned a level 5 spell: Metabolic Englaciation
 22344 | D:11     | Noticed Urug
 22349 | D:11     | Acquired the Shining One's fourth power
 22359 | D:11     | Killed Urug
 22359 | D:11     | Reached XP level 15. HP: 98/118 MP: 22/22
 22516 | D:11     | Reached skill level 1 in Hexes
 22582 | D:11     | Noticed an orc warlord
 22616 | D:11     | Killed an orc warlord
 23735 | D:12     | Noticed VisualChap's ghost (experienced TrMo)
 23754 | D:12     | Killed VisualChap's ghost
 23813 | D:12     | Noticed Kirke
 23839 | D:12     | Killed Kirke
 24023 | D:12     | Noticed Erolcha
 24039 | D:12     | Killed Erolcha
 24101 | D:12     | Found Ribracea's Weapon Shop.
 24352 | D:13     | Learned a level 2 spell: Slow
 24379 | D:13     | Found a gate to the Vaults.
 24571 | D:13     | Noticed Frances
 24584 | D:13     | Killed Frances
 24638 | D:13     | Found a blossoming altar of Fedhas.
 24647 | D:13     | Noticed Nessos
 24671 | D:13     | Killed Nessos
 24705 | D:13     | Noticed Sonja
 25345 | D:13     | Killed Sonja
 25345 | D:13     | Reached skill level 13 in Long Blades
 25564 | D:14     | Reached skill level 10 in Crossbows
 25973 | D:14     | Noticed Snorg
 25980 | D:14     | Killed Snorg
 25980 | D:14     | Reached XP level 16. HP: 98/129 MP: 23/23
 26316 | D:14     | Found a radiant altar of Vehumet.
 26490 | D:15     | Entered Level 15 of the Dungeon
 26889 | D:15     | Reached skill level 14 in Long Blades
 27593 | D:15     | Found a staircase to the Depths.
 27621 | Depths:1 | Entered Level 1 of the Depths
 28003 | Depths:1 | Found Neacvil's Distillery.
 28214 | Depths:1 | Reached skill level 15 in Long Blades
 28230 | Depths:1 | Found Riwul's Gadget Shoppe.
 28239 | Depths:1 | Found a magical portal.
 28262 | WizLab   | Entered Doroklohe's Tomb
 28376 | WizLab   | Reached XP level 17. HP: 136/136 MP: 24/24
 28585 | WizLab   | Noticed an ancient lich
 28604 | WizLab   | Killed an ancient lich
 28621 | WizLab   | Reached skill level 16 in Long Blades
 28693 | WizLab   | Got a translucent chain mail
 28733 | WizLab   | Identified the cursed +0 chain mail of the Sailor {rF- rC+ Int+2} (You took it off a mummy priest in a wizard's laboratory)
 29082 | Depths:1 | Found a gateway to Hell.
 29714 | D:15     | Found a burning altar of Makhleb.
 30299 | Elf:1    | Noticed a deep elf death mage
 30310 | Elf:1    | Killed a deep elf death mage
 30319 | Elf:1    | Noticed Asterion
 30374 | Elf:1    | You fall through a shaft!
 30587 | Elf:2    | Noticed a deep elf death mage
 30639 | Elf:2    | Reached skill level 17 in Long Blades
 30654 | Elf:2    | Killed a deep elf death mage
 30660 | Elf:2    | Killed a ghostly deep elf death mage
 30691 | Elf:2    | Noticed a deep elf sorcerer
 30705 | Elf:2    | Killed a deep elf sorcerer
 31054 | Elf:2    | Found a runed gate.
 31054 | Elf:2    | Found a runed gate.
 31055 | Elf:2    | Found a runed gate.
 31428 | Elf:2    | Reached XP level 18. HP: 143/143 MP: 25/25
 31524 | Elf:2    | Noticed a deep elf blademaster
 31563 | Elf:2    | Killed a deep elf blademaster
 32394 | Elf:3    | Noticed a deep elf high priest
 32394 | Elf:3    | Noticed a deep elf high priest
 32395 | Elf:3    | Noticed a deep elf demonologist
 32395 | Elf:3    | Noticed a deep elf demonologist
 32426 | Elf:3    | Killed a deep elf high priest
 32426 | Elf:3    | Reached skill level 15 in Armour
 32434 | Elf:3    | Noticed a deep elf sorcerer
 32445 | Elf:3    | Killed a deep elf high priest
 32451 | Elf:3    | Killed a deep elf sorcerer
 32456 | Elf:3    | Noticed a deep elf annihilator
 32457 | Elf:3    | Noticed a deep elf annihilator
 32457 | Elf:3    | Noticed a deep elf annihilator
 32482 | Elf:3    | Killed a deep elf annihilator
 32485 | Elf:3    | Killed a deep elf annihilator
 32492 | Elf:3    | Killed a deep elf annihilator
 32497 | Elf:3    | Killed a deep elf demonologist
 32505 | Elf:3    | Killed a deep elf demonologist
 32516 | Elf:3    | Noticed a deep elf master archer
 32517 | Elf:3    | Noticed a deep elf master archer
 32560 | Elf:3    | Killed a deep elf master archer
 32566 | Elf:3    | Shot with an arrow by a deep elf master archer

Vault maps used:
D:1:      elethiomel_arrival_shortcut
D:2:      first_bread
D:3:      minitemple, kennysheep_small_spiral, minivault_27
D:4:      nicolae_ru_path_of_blood
D:5:      xom_redecorated, hangedman_decor_clover_reticule, uniq_prince_ribbit1
D:6:      kennysheep_kobold_camp, minmay_temple_entry_fiery
D:7:      serial_shops, nicolae_shop_crystal, grunt_livestock, minivault_5,
          minivault_23
D:8:      gammafunk_temple_overflow_pools, okawaru_humans, uniq_erica
D:9:      overflow_temple_1_default, lair_0_dummy
D:10:     orc_david_3, serial_shops, nicolae_shop_competitors_out_of_business,
          minmay_radiant
D:11:     lemuel_castle_with_subvaults, uniq_urug
D:12:     serial_shops, nicolae_shop_statue_plus, grunt_ministairs_15,
          uniq_kirke, uniq_erolcha
D:13:     david_vaults_4, tgw_fedhas, uniq_frances, uniq_nessos, uniq_sonja
D:14:     basic_altar, minmay_misc_feat_rugged, uniq_snorg
D:15:     grunt_enter_depths_snipers, lemuel_coloured_pillars_altar
Temple:   water_room_temple_b_12
Lair:1:   basic_altar, lemuel_centaur_altar, grunt_megastairs_1,
          serial_bayou_shore_b, uniq_fannar
Lair:3:   beast_lair_carwin_7, uniq_rupert
Lair:4:   minivault_29, lemuel_fruit_tree, infiniplex_staircase_pool
Orc:1:    basic_altar, trog_hazing_becter
Orc:2:    nicolae_orc_accident_2, basic_altar
Orc:3:    basic_altar, nicolae_orc_pool_cavern, nicolae_orc_bridge_out
Orc:4:    grunt_orc_community_town_hall, grunt_orc_community_big_house_2,
          grunt_orc_community_big_house_1, grunt_orc_community_house_3,
          grunt_orc_community_house_2, grunt_orc_community_house_2,
          grunt_orc_community_house_1
Elf:1:    eino_elf_arrival_sip, minmay_elf_crystal_heptagon, uniq_asterion
Elf:3:    nooodl_elf_gasket
Depths:1: infiniplex_enter_wizlab_water, grunt_mini_vestibule, serial_shops,
          shop, shop, spider_trap, minmay_misc_feat_doors,
          hangedman_abyss_or_decor_stabs, minmay_misc_feat_roman,
          kennysheep_generic_room_7, serial_bayou_shore_b
WizLab:   wizlab_doroklohe

Action                   |  1- 3 |  4- 6 |  7- 9 | 10-12 | 13-15 | 16-18 || total
-------------------------+-------+-------+-------+-------+-------+-------++-------
Melee: Long sword        |   112 |   182 |   388 |       |     8 |     6 ||   696
       Great sword       |       |       |    28 |   945 |  1367 |  1096 ||  3436
       Dagger            |       |       |       |       |     6 |       ||     6
       Unarmed           |       |       |       |       |    13 |       ||    13
       Falchion          |       |       |       |       |       |     6 ||     6
 Fire: Arbalest          |       |       |       |       |     3 |       ||     3
       Hand crossbow     |       |       |       |       |     2 |       ||     2
Invok: Divine Shield     |       |       |       |     8 |     6 |    13 ||    27
       Cleansing Flame   |       |       |       |       |       |     1 ||     1
       Summon Divine War |       |       |       |       |       |     2 ||     2
 Abil: Dig               |       |     1 |     9 |    27 |    22 |    39 ||    98
       Shaft Self        |       |       |       |     2 |     1 |     1 ||     4
  Use: Scroll            |     5 |       |     1 |    11 |    12 |     7 ||    36
       Potion            |       |     1 |       |     1 |     7 |     2 ||    11
  Eat: Chunk             |     1 |     7 |    12 |    28 |    34 |    12 ||    94
       Beef jerky        |       |       |     1 |       |     1 |       ||     2
       Fruit             |       |       |       |     1 |       |       ||     1
       Meat ration       |       |       |       |     1 |       |     2 ||     3
       Royal jelly       |       |       |       |       |     1 |       ||     1
       Pizza             |       |       |       |       |       |     1 ||     1
       Bread ration      |       |       |       |       |       |     1 ||     1
